 Dungeon Crawl Stone Soup version 0.30-a0-557-ge2afbf3030 (webtiles) character file.

Game seed: 5449041637069062578

874 greasedhog the Slasher (level 7, 0/61 HPs)
             Began as a White Draconian Fighter on Dec 28, 2022.
             Slain by an orc wizard
             ... wielding a +0 morningstar
              (9 damage)
             ... on level 5 of the Dungeon.
             The game lasted 00:05:55 (3525 turns).

greasedhog the Slasher (White Draconian Fighter)    Turns: 3525, Time: 00:05:56

Health: 0/61       AC:  7    Str: 18    XL:     7   Next: 74%
Magic:  7/7        EV: 12    Int:  9    God:
Gold:   181        SH:  0    Dex: 12    Spells: 6/6 levels left

rFire   . . .      SeeInvis .    a - +0 long sword
rCold   + + .      Faith    .    h - +0 kite shield
rNeg    . . .      Spirit   .    (body armour unavailable)
rPois   .          Reflect  .    (helmet restricted)
rElec   .          Harm     .    (no cloak)
rCorr   .          Rampage  .    n - +0 pair of gloves
Will    .....                    (no boots)
Stlth   +                        (no amulet)
HPRegen 0.30/turn                j - ring of protection from cold
MPRegen 0.10/turn                (no ring)

@: confused
A: breathe frost, AC +6, unfitting armour, cold resistance 1, cold-blooded
a: Breathe Frost


You were on level 5 of the Dungeon.
You visited 1 branch of the dungeon, and saw 5 of its levels.

You collected 181 gold pieces.

Inventory:

Hand Weapons
 a - a +0 long sword (weapon)
Missiles
 i - a throwing net (quivered)
Armour
 h - a +0 kite shield (worn)
 n - a +0 pair of gloves (worn)
Jewellery
 j - a ring of protection from cold (left hand)
Wands
 q - a wand of flame (24)
Scrolls
 e - a scroll of fog
 f - 2 scrolls of blinking
 g - a scroll of identify
 l - a scroll of enchant weapon {unknown}
 p - 2 scrolls of magic mapping {unknown}
Potions
 b - a potion of attraction
 c - a potion of ambrosia {unknown}
 m - a potion of berserk rage {unknown}
 r - a potion of brilliance {unknown}


   Skills:
 - Level 5.1 Fighting
 * Level 5.6 Long Blades
 - Level 5.0 Dodging
 * Level 4.9 Shields


You had 6 spell levels left.
You didn't know any spells.
Your spell library contained the following spells:

 Spells                   Type           Power      Damage    Failure   Level
 Apportation              Tloc           0%         N/A       75%         1
 Necrotise                Necr           0%         1d4       75%         1
 Summon Small Mammal      Summ           0%         N/A       75%         1
 Cigotuvi's Dreadful Rot  Necr/Pois/Air  0%         N/A       86%         2
 Swiftness                Air            0%         N/A       98%         3
 Summon Lightning Spire   Summ/Air       0%         N/A       100%        4


Dungeon Overview and Level Annotations

Branches:
Dungeon (5/15)
 Temple: D:4-7

Altars:
Dithmenos

Portals:
Abyss: D:4

Annotations:
D:4 2 transporters, Imper's ghost, amateur DrBr
D:5 1 runed translucent door, Bravis's ghost, novice DjTm


Innate Abilities, Weirdness & Mutations

You can breathe waves of freezing cold which knock back foes.
Your icy white scales are hard. (AC +6)
You cannot fit into any form of body armour.
Your flesh is cold resistant. (rC+)
You are cold-blooded and may be slowed by cold attacks.


Message History

Found a pair of boots.
Bravis's ghost whispers, "They're coming for you..."
The orc wizard gestures wildly while chanting.
The orc wizard flickers and vanishes!
Deactivating autopickup; reactivate with Ctrl-A.
Found a leather armour.
You start resting.
A puff of flame appears from out of thin air!
The puff of flame hits you! Something hits you!
You closely miss something. You tail-slap something. Something hits you!
* * * LOW HITPOINT WARNING * * *
You hit something. Something hits you!
* * * LOW HITPOINT WARNING * * *
Aiming: Breathe Frost (5% risk of failure)
Press: ? - help, Shift-Dir - straight line You exhale a wave of freezing cold.
The freezing breath hits the orc!
You kill the orc!
Something hits you.
* * * LOW HITPOINT WARNING * * *
Unknown command.
You feel better. You block something's attack.
You barely miss something. Something hits you.
* * * LOW HITPOINT WARNING * * *
You feel better. Something hits you.
* * * LOW HITPOINT WARNING * * *
You completely miss something.
Your tail-slap misses something.
You block something's attack.
You hear some strange, mumbled words.
You are confused.
You bump into the rock wall.
Something hits you.
* * * LOW HITPOINT WARNING * * *
You bump into the rock wall.
Something barely misses you.
You closely miss something.
Your tail-slap misses something.
You have got your breath back.
Something barely misses you.
You hit something but do no damage. Something hits you.
* * * LOW HITPOINT WARNING * * *
Something hits you!
You die...

#.###...## #(##.....##
[. #)#......>##..
#)...........###
#.#.......#....
#.##..........#
#.##.<.[####..#
#.##.#..####..####
#....>.o{@.......#
#####.##.#..#####.##...
)........#..# #
#...###..# #.#......#
#####...####.#
#..........#.#
......?....{.#
#.####.†#+#..#


You could see an orc.

Vanquished Creatures
  Sigmund (D:4)
  3 black bears (D:4)
  Blork the orc (D:4)
  A scorpion (D:5)
  2 hounds
  A gnoll bouda (D:4)
  An iguana (D:4)
  Ijyb (D:4)
  Robin (D:3)
  5 adders
  4 gnolls (D:5)
  A worm (D:2)
  3 dart slugs
  8 orcs
  6 ball pythons
  6 endoplasms
  2 giant cockroaches
  14 goblins
  10 hobgoblins
  4 kobolds
  2 quokkas (D:3)
  3 bats
  2 frilled lizards
  7 rats
89 creatures vanquished.

Notes
Turn   | Place    | Note
-------+----------+-------------------------------------------
     0 | D:1      | greasedhog the Draconian Fighter began the quest for the
                  | Orb.
     0 | D:1      | Reached XP level 1. HP: 19/19 MP: 1/1
   250 | D:1      | Reached XP level 2. HP: 25/26 MP: 2/2
   391 | D:1      | You fall into a shaft and drop 1 floor!
   747 | D:2      | Reached XP level 3. HP: 23/33 MP: 3/3
  1286 | D:2      | Reached XP level 4. HP: 22/40 MP: 4/4
  1849 | D:3      | Got Sif Muna's Vademecum on the Tempest
  1953 | D:3      | Noticed Robin
  2040 | D:3      | Killed Robin
  2333 | D:4      | Noticed a black bear
  2412 | D:4      | Noticed a black bear
  2427 | D:3      | Reached XP level 5. HP: 38/47 MP: 5/5
  2477 | D:4      | Noticed a black bear
  2483 | D:4      | Killed a black bear
  2561 | D:4      | Killed a black bear
  2562 | D:4      | Reached skill level 5 in Fighting
  2562 | D:4      | Reached XP level 6. HP: 56/56 MP: 6/6
  2665 | D:4      | Noticed a toenail golem
  2670 | D:4      | Noticed Imper's ghost (amateur DrBr)
  2688 | D:4      | Found a transporter.
  2697 | D:4      | Found a transporter.
  2712 | D:4      | Noticed Sigmund
  2729 | D:4      | Killed Sigmund
  2730 | D:4      | Your scales start taking on an icy white colour.
  2730 | D:4      | Reached XP level 7. HP: 49/61 MP: 7/7
  2730 | D:4      | Gained mutation: Your flesh is cold resistant. (rC+) [White
                  | Draconian growth]
  2804 | D:4      | Noticed Ijyb
  2819 | D:4      | Killed Ijyb
  2820 | D:4      | Reached skill level 5 in Long Blades
  2820 | D:4      | Reached skill level 5 in Dodging
  2973 | D:4      | Noticed Blork the orc
  2974 | D:4      | Found a shadowy altar of Dithmenos.
  2983 | D:4      | Killed Blork the orc
  3062 | D:4      | Found a one-way gate to the infinite horrors of the Abyss.
  3276 | D:5      | Entered Level 5 of the Dungeon
  3480 | D:5      | Found a runed translucent door.
  3481 | D:5      | Noticed Bravis's ghost (novice DjTm)
  3517 | D:5      | HP: 1/61 [something (6)]
  3525 | D:5      | Slain by an orc wizard

Illustrated notes

Levels and vault maps discovered:
D:1:      minmay_arrival_stone_box, layout_loops_ring
D:2:      layout_basic, nicolae_kite_square_tiling_tiny
D:3:      wander_river, layout_loops_ring, uniq_robin
D:4:      layout_cave_pools, mainiacjoe_overflow_cross_hatched,
          gammafunk_ghost_abyssal_escape, uniq_ijyb, uniq_blork_the_orc,
          uniq_sigmund, uniq_crazy_yiuf_cottage
D:5:      layout_loops_ring, ebering_ghost_sewer_d

Skill      XL: |  1  2  3  4  5  6  7 |
---------------+----------------------+-----
Dodging        | 3 4 5 |  5.0
Fighting       | 4 5 |  5.1
Long Blades    | 3 4 5 |  5.6
Shields        | 4 |  4.9

Action                   |  1- 3 |  4- 6 |  7- 9 || total
-------------------------+-------+-------+-------++-------
Melee: Long sword        |   107 |   136 |    76 ||   319
       Tailslap          |    11 |     7 |    10 ||    28
 Abil: Breathe Frost     |       |       |     4 ||     4
Evoke: Wand              |       |     5 |       ||     5
  Use: Scroll            |     3 |     4 |       ||     7
       Potion            |       |     3 |     3 ||     6
 Stab: Sleeping          |     2 |       |       ||     2
Armor: Skin              |    37 |    52 |    21 ||   110
Dodge: Dodged            |    64 |    84 |    54 ||   202
Block: Buckler           |     7 |       |       ||     7
       Kite shield       |    37 |    93 |    42 ||   172

Table legend: (Time is in decaauts)
 A = Elapsed time spent in this place.
 B = Non-inter-level travel time spent in this place.
 C = Inter-level travel time spent in this place.
 D = Time resting spent in this place.
 E = Time spent auto-exploring this place.
 F = Levels seen in this place.
 G = Mean time per level.
                   A        B        C        D        E       F      G
               +--------+--------+--------+--------+--------+-----+--------+
         Total |   3667 |   3464 |    203 |    391 |   2189 |   5 |  733.4 |
       Dungeon |   3667 |   3464 |    203 |    391 |   2189 |   5 |  733.4 |
               +--------+--------+--------+--------+--------+-----+--------+

Top non-repeatable levels by time:
     D:4: 987 daAuts
     D:2: 968 daAuts
     D:3: 940 daAuts
     D:1: 621 daAuts
     D:5: 149 daAuts
